 Dungeon Crawl Stone Soup version 0.20-a0-502-g555d78b (webtiles) character file.

21 Amnesiac the Vexing (level 2, -1/19 HPs)
             Began as a Mummy Enchanter on Jan 20, 2017.
             Slain by an adder (3 damage)
             ... on level 3 of the Dungeon.
             The game lasted 00:02:02 (899 turns).

Amnesiac the Vexing (Mummy Enchanter)                Turns: 899, Time: 00:02:04

Health: -1/19      AC:  2    Str: 11    XL:     2   Next: 62%
Magic:  5/6        EV: 12    Int: 14    God:
Gold:   69         SH:  0    Dex: 12    Spells: 6/7 levels left

rFire    x . .     SeeInvis .   d - +0 hunting sling
rCold    + . .     Gourm    .   b - +0 robe
rNeg     + + +     Faith    .   (no shield)
rPois    ∞         Spirit   .   (no helmet)
rElec    .         Reflect  .   (no cloak)
rCorr    .         Harm     .   (no gloves)
MR       .....                  (no boots)
Stlth    ++........             (no amulet)
Regen    0.1/turn               (no ring)
                                (no ring)

@: no status effects
A: no food or potions, fire vulnerability, cold resistance 1, negative energy
resistance 3, torment resistance, unbreathing
a: no special abilities


You were on level 3 of the Dungeon.
You were not hungry.

You visited 1 branch of the dungeon, and saw 3 of its levels.

You collected 69 gold pieces.

Inventory:

Hand Weapons
 a - a +1 dagger
 d - a +0 hunting sling (weapon)
Missiles
 e - 3 stones (quivered)
Armour
 b - a +0 robe (worn)
Scrolls
 f - a scroll of blinking {unknown}
 g - a scroll of magic mapping {unknown}
Books
 c - a book of Maledictions

   Spells                             Type                      Level
   a - Corona                         Hexes                        1
   b - Ensorcelled Hibernation        Hexes/Ice                    2
   c - Confuse                        Hexes                        3
   d - Tukima's Dance                 Hexes                        3
   e - Dazzling Spray                 Conjuration/Hexes            3


   Skills:
 - Level 1.0 Short Blades
 - Level 1.5 Dodging
 - Level 2.4 Stealth
 + Level 3.1 Spellcasting
 * Level 3.2 Hexes


You had 6 spell levels left.
You knew the following spells:

 Your Spells              Type           Power        Failure   Level  Hunger
f - Corona                Hex            ##.....      6%          1    N/A

Dungeon Overview and Level Annotations

Branches:
Dungeon (3/15)

Altars:
Dithmenos

Annotations:
D:2 Sigmund


Innate Abilities, Weirdness & Mutations

You do not eat or drink.
Your flesh is vulnerable to fire.
You are immune to poison.
Your flesh is cold resistant. (rC+)
You are immune to negative energy. (rN+++)
You are immune to unholy pain and torment.
You can survive without breathing.


Message History

Firing (i - inventory):
e - 6 stones (quivered)
Press: ? - help, Shift-Dir - straight line, f/p - adder
Aim: an adder (severely wounded, softly glowing)
You shoot a stone. The stone hits the adder.
The adder is almost dead.
The adder bites you.
* * * LOW HITPOINT WARNING * * *
The adder closely misses you.
You are too injured to fight recklessly!
Firing (i - inventory):
e - 5 stones (quivered)
Press: ? - help, Shift-Dir - straight line, f/p - adder
Aim: an adder (almost dead, softly glowing)
You shoot a stone. The stone barely misses the adder.
The stone misses the adder.
The adder bites you.
* * * LOW HITPOINT WARNING * * *
Firing (i - inventory):
e - 4 stones (quivered)
Press: ? - help, Shift-Dir - straight line, f/p - adder
Aim: an adder (almost dead, softly glowing)
You shoot a stone.
The stone barely misses the adder. x2; The adder bites you.
You die...

.# . ##S# ##. #.
...#... #.
##..#.### #.
#.....[.
#.##...#.#.#
#..........
#<..######
#.###(.).SS@.#
#..<...####.#
#.#...........#
#........##..#
#.#.....#......
#.#..#.#.####.###
#.#.###.#.. .#
#.#.# #.#.## ##
.# .#


You could see 2 adders.

Vanquished Creatures
  An ooze (D:1)
  A leopard gecko (D:1)
  2 bats (D:1)
  2 giant cockroaches
  3 goblins
  A jackal (D:2)
  A frilled lizard (D:1)
  A kobold (D:3)
  3 rats
15 creatures vanquished.

Notes
Turn   | Place    | Note
-------+----------+-------------------------------------------
     0 | D:1      | Amnesiac the Mummy Enchanter began the quest for the Orb.
     0 | D:1      | Reached XP level 1. HP: 13/13 MP: 4/4
    43 | D:1      | Reached skill level 1 in Short Blades
   286 | D:1      | Reached XP level 2. HP: 13/19 MP: 2/5
   881 | D:2      | Found a shadowy altar of Dithmenos.
   881 | D:2      | Noticed Sigmund
   899 | D:3      | Slain by an adder

Vault maps used:
D:1:      minmay_arrival_loop, roderic_serpentine_path, st_stairs_3,
          minmay_octomino_e4
D:2:      zin_treasury, nicolae_dithmenos_through_a_glass_darkly, uniq_sigmund
D:3:      first_bread

Skill      XL: |  1  2 |
---------------+-------+-----
Short Blades   | 1 |  1.0
Spellcasting   | 3 |  3.1
Hexes          | 3 |  3.2
Dodging        | |  1.5
Stealth        | |  2.4

Action                   || total
-------------------------++-------
Melee: Dagger            ||    34
 Fire: Hunting sling     ||    20
 Cast: Corona            ||     9
 Stab: Sleeping          ||     1
Armor: Robe              ||    18
Dodge: Dodged            ||    55
